[Event "Team 45 45 League T57"]
[Site "Internet Chess Club"]
[Date "2013.07.20"]
[Round "9"]
[White "Helaman"]
[Black "CaoCao"]
[Result "1-0"]
[WhiteElo "1951"]
[BlackElo "1850"]
[Opening "Ruy Lopez: Schliemann defense, Berger variation"]
[ECO "C63"]
[Time "20:04:46"]
[TimeControl "2700+45"]

1. e4 e5 2. Nf3 Nc6 3. Bb5 f5 4. Nc3 fxe4 5. Nxe4 d5 6. Nxe5 dxe4 7. Nxc6 Qg5 8.
Qe2 Nf6 9. f4 Qxf4 10. Ne5+ c6 11. d4 Qh4+ 12. g3 Qh3 13. Bc4 Be6 14. Qf1 Qxf1+
15. Rxf1 Bxc4 16. Nxc4 O-O-O 17. c3 Bd6 18. Bg5 Rhf8 19. O-O-O Bc7 20. Bxf6 gxf6
21. Ne3 h5 22. Nf5 Rde8 23. Rde1 Rg8 24. Nh4 Rg4 25. Rf5 Rh8 26. Ng2 Rh6 27.
Ref1 Bd8 28. Ne3 Rg8 29. Kd2 h4 30. g4 h3 31. Ke2 Bc7 32. Rxf6 Rxf6 33. Rxf6
Bxh2 34. Rh6 Bf4 35. Rxh3 Bxe3 36. Kxe3 Rxg4 37. Rh2 Kc7 38. Rf2 Kb6 39. c4 a5
40. Rd2 Kc7 41. b3 Kd6 42. Rf2 b5 43. Rf6+ Kd7 44. cxb5 cxb5 45. Ra6 a4 46. bxa4
bxa4 47. Rxa4 Kc6 48. Rc4+ Kd6 49. Rc2 Rh4 50. a4 Rg4 51. a5 Rh4 52. Ra2 Kd5 53.
a6 Rh3+ 54. Kf4 Rf3+ 55. Kg4 Rf8 56. a7 Ra8 57. Ra4 {Black resigns} 1-0

[Event "Team 45 45 League T57"]
[Site "Internet Chess Club"]
[Date "2013.07.19"]
[Round "9"]
[White "mugurelt"]
[Black "TwoEqualsOne"]
[Result "1/2-1/2"]
[WhiteElo "1746"]
[BlackElo "1800"]
[Opening "English: symmetrical, four knights system"]
[ECO "A16"]
[Time "23:08:23"]
[TimeControl "2700+45"]

1. c4 Nf6 2. Nc3 c5 3. Nf3 Nc6 4. e3 g6 5. d4 cxd4 6. exd4 d5 7. cxd5 Nxd5 8.
Bb5 a6 9. Bxc6+ bxc6 10. O-O Bg7 11. Ne5 Qb6 12. Qa4 Nxc3 13. bxc3 Qb5 14. Qxb5
cxb5 15. Ba3 Bb7 16. Rfe1 e6 17. Rab1 Bxe5 18. Rxe5 Bd5 19. Rb2 Kd7 {Game drawn
by mutual agreement} 1/2-1/2

[Event "Team 45 45 League T57"]
[Site "Internet Chess Club"]
[Date "2013.07.23"]
[Round "9"]
[White "flyingpawns"]
[Black "kidcobra"]
[Result "0-1"]
[WhiteElo "1777"]
[BlackElo "1771"]
[Opening "Queen's gambit declined"]
[ECO "D30"]
[Time "09:06:14"]
[TimeControl "2700+45"]

1. d4 d5 2. c4 e6 3. Nf3 Nf6 4. a3 c5 5. e3 Nc6 6. Nc3 Be7 7. Bd3 O-O 8. O-O b6
9. b3 dxc4 10. bxc4 Kh8 11. Ne2 Bb7 12. Bb2 cxd4 13. exd4 Bd6 14. Ng3 Ne7 15.
Re1 Bxg3 16. hxg3 Ng6 17. Ne5 Nd7 18. Qc2 Ndxe5 19. dxe5 Rc8 20. Rad1 Qc7 21.
Qb3 Rcd8 22. Bxg6 fxg6 23. Rc1 Qc5 24. Qe3 Qxe3 25. Rxe3 Rd2 26. Bc3 Rdxf2 27.
Bb4 Rxg2+ 28. Kh1 Rff2 {White resigns} 0-1

[Event "Team 45 45 League T57"]
[Site "Internet Chess Club"]
[Date "2013.07.21"]
[Round "9"]
[White "xt"]
[Black "latayvia"]
[Result "0-1"]
[WhiteElo "1618"]
[BlackElo "1619"]
[Opening "Two knights defense"]
[ECO "C58"]
[Time "12:07:07"]
[TimeControl "2700+45"]

1. e4 e5 2. Nf3 Nc6 3. Bc4 Nf6 4. Ng5 d5 5. exd5 Na5 6. Bb5+ c6 7. dxc6 bxc6 8.
Bd3 Nd5 9. Nf3 Bd6 10. O-O Nf4 11. Be2 Nxg2 12. Kxg2 e4 13. d3 exf3+ 14. Bxf3
Qh4 15. Qe2+ Be6 16. Rh1 O-O 17. h3 Bd5 18. Bxd5 cxd5 19. Qg4 Qxg4+ 20. hxg4 f5
21. Bd2 Nc6 22. gxf5 Rxf5 23. c3 Raf8 24. Be3 Ne5 25. Rd1 Ng4 26. Bxa7 Nxf2 27.
Rd2 Rg5+ 28. Kf1 Ne4+ 29. Ke1 Nxd2 30. Nxd2 Bg3+ 31. Kd1 h5 32. Kc2 h4 33. c4
Bf2 34. c5 Rg1 35. Nf1 Bxc5 36. Bxc5 Rgxf1 37. Rxf1 Rxf1 38. b4 h3 39. Bd6 h2
40. Bxh2 Rf2+ 41. Kb3 Rxh2 42. a4 Kf7 43. a5 Ke7 44. b5 Kd6 45. d4 g5 46. Kb4 g4
47. a6 Ra2 48. b6 Rxa6 49. Kb5 Rxb6+ {White resigns} 0-1

[Event "Team 45 45 League T57"]
[Site "Internet Chess Club"]
[Date "2013.07.22"]
[Round "9"]
[White "HematiteBrown"]
[Black "bat30"]
[Result "1-0"]
[WhiteElo "2072"]
[BlackElo "1917"]
[Opening "Ruy Lopez: closed, Averbach variation"]
[ECO "C90"]
[Time "20:01:07"]
[TimeControl "2700+45"]

1. e4 e5 2. Nf3 Nc6 3. Bb5 a6 4. Ba4 Nf6 5. O-O Be7 6. Re1 d6 7. c3 b5 8. Bb3
Na5 9. Bc2 c5 10. d4 cxd4 11. cxd4 Qc7 12. a4 O-O 13. axb5 axb5 14. b4 {Black
resigns} 1-0

[Event "Team 45 45 League T57"]
[Site "Internet Chess Club"]
[Date "2013.07.20"]
[Round "9"]
[White "HumanTornado"]
[Black "EyeAm"]
[Result "1-0"]
[WhiteElo "2032"]
[BlackElo "1799"]
[Opening "Réti v Dutch"]
[ECO "A04"]
[Time "14:00:09"]
[TimeControl "2700+45"]

1. Nf3 f5 2. g3 Nf6 3. Bg2 e6 4. c4 d6 5. O-O Be7 6. d3 O-O 7. b4 Bd7 8. Qb3 Kh8
9. Bb2 Nc6 10. e3 e5 11. Nc3 Be8 12. Nd2 Bf7 13. Rad1 Rb8 14. Qa4 a6 15. a3 Na7
16. Qc2 Bg6 17. Qb3 c6 18. a4 Bf7 19. Qc2 Bg6 20. Qb3 Nh5 21. d4 e4 22. Ne2 Bf7
23. f3 d5 24. Qc3 Bf6 25. fxe4 fxe4 26. g4 {Black resigns} 1-0

[Event "Team 45 45 League T57"]
[Site "Internet Chess Club"]
[Date "2013.07.22"]
[Round "9"]
[White "sockmonkey"]
[Black "vvsi"]
[Result "1-0"]
[WhiteElo "1867"]
[BlackElo "1718"]
[Opening "Benoni: classical with e4 and Nf3"]
[ECO "A70"]
[Time "10:53:08"]
[TimeControl "2700+45"]

1. d4 Nf6 2. c4 c5 3. d5 e6 4. Nc3 exd5 5. cxd5 d6 6. e4 g6 7. Nf3 a6 8. h3 b5
9. Bd3 Bg7 10. O-O c4 11. Bc2 O-O 12. Be3 Nbd7 13. Qd2 Re8 14. Rfe1 b4 15. Na4
a5 16. Bg5 Ne5 17. Nxe5 Rxe5 18. f4 Re8 19. e5 dxe5 20. fxe5 Qxd5 21. exf6 Qxd2
22. Rxe8+ {Black resigns} 1-0

[Event "Team 45 45 League T57"]
[Site "Internet Chess Club"]
[Date "2013.07.18"]
[Round "9"]
[White "evan7284"]
[Black "bookseller"]
[Result "1-0"]
[WhiteElo "1739"]
[BlackElo "1663"]
[Opening "King's Indian: Torre attack"]
[ECO "A48"]
[Time "15:02:53"]
[TimeControl "2700+45"]

1. d4 Nf6 2. Nf3 g6 3. Bg5 Bg7 4. Nbd2 h6 5. Bh4 g5 6. Bg3 Nh5 7. e4 d6 8. c3 f5
9. exf5 Bxf5 10. Qb3 Qc8 11. Bc4 e6 12. O-O-O Nxg3 13. hxg3 O-O 14. Nh2 d5 15.
Be2 c5 16. dxc5 Qxc5 17. f4 Rc8 18. fxg5 Bxc3 19. Qxc3 Qf8 20. Nc4 Rxc4 21. Bxc4
Nd7 22. g4 Rc8 23. Rd4 Bh7 24. Rf1 Qd6 25. gxh6 Qe7 26. Rxd5 Rxc4 27. Qxc4 exd5
28. Qxd5+ Kh8 29. Nf3 Nf6 30. Qd4 Qc7+ 31. Qc3 Qf4+ 32. Kd1 Kg8 33. Qc8+ Kf7 34.
Qxb7+ Kg8 35. Qg7# {Black checkmated} 1-0

[Event "Team 45 45 League T57"]
[Site "Internet Chess Club"]
[Date "2013.07.23"]
[Round "9"]
[White "BigH"]
[Black "Chess-Dream"]
[Result "1-0"]
[WhiteElo "2110"]
[BlackElo "2158"]
[Opening "English: Torre defensive system"]
[ECO "A15"]
[Time "14:40:12"]
[TimeControl "2700+45"]

1. c4 Nf6 2. g3 c6 3. Nf3 d5 4. b3 Bg4 5. Ne5 Bf5 6. Bb2 Nbd7 7. Bg2 Nxe5 8.
Bxe5 e6 9. O-O Be7 10. d3 O-O 11. Nd2 h6 12. Nf3 a5 13. h3 Re8 14. Qd2 a4 15.
Rfd1 Nd7 16. Bc3 Bg6 17. Qb2 a3 18. Qd2 b5 19. cxb5 cxb5 20. Rac1 Qb6 21. Bd4
Qd6 22. Qc3 b4 23. Qa1 f6 24. Rc2 e5 25. Be3 Rac8 26. Rdc1 Rxc2 27. Rxc2 d4 28.
Bd2 Nb6 29. Nh4 Bh7 30. Rc6 Qd8 31. Qc1 Kh8 32. Be4 Nd5 33. Bxd5 Qxd5 34. Qc4
Qxc4 35. Rxc4 g5 36. Nf3 Bg8 37. Rc7 Bd5 38. Ne1 Bf8 39. Nc2 Ra8 40. Bxb4 Bxb4
41. Nxb4 Bxb3 42. axb3 a2 43. Nxa2 Rxa2 44. Kf1 Rb2 45. Rf7 Rxb3 46. Rxf6 Kg7
47. Re6 Rb5 48. Kg2 h5 49. Kf3 Kf7 50. Rh6 Rb8 51. Rxh5 {Black resigns} 1-0

[Event "Team 45 45 League T57"]
[Site "Internet Chess Club"]
[Date "2013.07.20"]
[Round "9"]
[White "dmarcolino"]
[Black "TerryMalloy"]
[Result "1/2-1/2"]
[WhiteElo "1965"]
[BlackElo "1984"]
[Opening "Nimzo-Indian: 4.e3, main line with ...c5"]
[ECO "E53"]
[Time "16:01:06"]
[TimeControl "2700+45"]

1. d4 Nf6 2. c4 e6 3. Nc3 Bb4 4. e3 O-O 5. Bd3 d5 6. Nf3 c5 7. O-O cxd4 8. exd4
dxc4 9. Bxc4 a6 10. Bb3 b5 11. Bg5 Bb7 12. Qe2 Nbd7 13. Rfd1 Rc8 14. d5 exd5 15.
Nxd5 Bxd5 16. Bxd5 Qb6 17. a3 Rfe8 18. Be3 Bc5 19. Bxc5 Rxe2 20. Bxb6 Nxd5 21.
Bd4 N7b6 22. Rac1 Ree8 23. Ne5 f6 24. Nc6 Nc4 25. Na7 Rcd8 26. g3 Na5 27. Nc6
Nxc6 28. Rxc6 Ne7 29. Rcc1 Rd5 30. Bc5 Red8 31. Re1 Nc6 32. Bb6 R8d6 33. Bc7 Ne5
34. Rxe5 fxe5 35. Bxd6 Rxd6 36. Rc5 Rd2 37. Rxe5 Rxb2 38. Re6 a5 39. Ra6 a4 40.
Kg2 Kf7 41. h4 h5 42. Ra7+ Kf6 43. Ra6+ Kf5 44. Ra7 g6 45. Ra6 Rb3 46. Rb6 Rxa3
{Game drawn by mutual agreement} 1/2-1/2

[Event "Team 45 45 League T57"]
[Site "Internet Chess Club"]
[Date "2013.07.19"]
[Round "9"]
[White "MeWantCookie"]
[Black "jjimalo"]
[Result "1-0"]
[WhiteElo "2050"]
[BlackElo "1949"]
[Opening "Sicilian, Chekhover variation"]
[ECO "B53"]
[Time "13:34:55"]
[TimeControl "2700+45"]

1. e4 c5 2. Nf3 d6 3. d4 cxd4 4. Qxd4 Nc6 5. Bb5 Bd7 6. Bxc6 Bxc6 7. Nc3 h6 8.
O-O Nf6 9. Qd3 e5 10. Rd1 Be7 11. h3 O-O 12. Be3 a6 13. Nh4 Nxe4 14. Nxe4 Bxh4
15. Nxd6 Qf6 16. Qf5 Qxf5 17. Nxf5 Bf6 18. c4 Rfd8 19. Bb6 Rxd1+ 20. Rxd1 Be4
21. Nd6 Bc6 22. b4 Bd8 23. Bxd8 Rxd8 24. c5 g6 25. Ra1 b6 26. Nc4 bxc5 27. Nxe5
Ba4 28. bxc5 Rd5 29. Ng4 Rxc5 30. Nxh6+ Kg7 31. Ng4 Rc2 32. Ne3 Re2 33. a3 Rd2
34. g4 Bb5 35. Kg2 Rb2 36. Kg3 Re2 37. Rc1 Ra2 38. Rc3 Ra1 39. Nd5 Rg1+ 40. Kh2
Rf1 41. Kg2 Rd1 42. Nc7 Bf1+ 43. Kg3 Be2 44. f4 Ra1 45. Re3 Bc4 46. Ne8+ Kf8 47.
Kh4 Be6 48. Nc7 Bc4 49. Kg5 Rd1 50. Kh6 Rd8 51. Rc3 Rd4 52. Kg5 a5 53. Re3 Rd8
54. Re5 a4 55. f5 gxf5 56. gxf5 Rd1 57. f6 Rg1+ 58. Kh4 Kg8 59. Rg5+ Rxg5 60.
Kxg5 Kh7 61. Ne8 Be6 62. h4 Bb3 63. Nd6 Be6 64. Ne4 Bb3 65. Nc5 Bc2 66. Nd7 Bb3
67. Ne5 Be6 68. Nd3 Bb3 69. Kf4 Kg6 70. Ke5 Bc2 71. Nf4+ Kh7 72. Kd6 Bb3 73. Ke7
Bc4 74. Nh3 Bb3 75. Ng5+ Kg8 76. h5 Bc4 77. h6 Bb3 78. h7+ Kh8 79. Nxf7+ {Black
resigns} 1-0

[Event "Team 45 45 League T57"]
[Site "Internet Chess Club"]
[Date "2013.07.21"]
[Round "9"]
[White "bahamapapa"]
[Black "Grebochess"]
[Result "1/2-1/2"]
[WhiteElo "1753"]
[BlackElo "1757"]
[Opening "Queen's pawn: Keres defense"]
[ECO "A40"]
[Time "12:00:17"]
[TimeControl "2700+45"]

1. d4 e6 2. c4 b6 3. a3 g6 4. Nc3 Bg7 5. e4 Ne7 6. Bg5 Bb7 7. d5 h6 8. Bh4 O-O
9. Bd3 g5 10. Bg3 f5 11. f3 Na6 12. Na4 fxe4 13. fxe4 exd5 14. cxd5 Ng6 15. Nf3
Nf4 16. Bxf4 Rxf4 17. O-O d6 18. Qc2 Qd7 19. Rac1 Raf8 20. h3 g4 21. hxg4 Qxg4
22. Qe2 Nc5 23. Nxc5 bxc5 24. b4 c6 25. dxc6 Bxc6 26. Bc4+ Kh8 27. Bd5 Bxd5 28.
exd5 Bd4+ 29. Nxd4 Rxf1+ 30. Rxf1 Qxd4+ 31. Kh1 Rxf1+ 32. Qxf1 Qh4+ 33. Kg1 Qd4+
34. Kh1 Qh4+ 35. Kg1 Qd4+ {Game drawn by mutual agreement} 1/2-1/2

[Event "Team 45 45 League T57"]
[Site "Internet Chess Club"]
[Date "2013.07.22"]
[Round "9"]
[White "room-matt"]
[Black "Egmont"]
[Result "1-0"]
[WhiteElo "1818"]
[BlackElo "1716"]
[Opening "Sicilian: Grand Prix attack"]
[ECO "B21"]
[Time "12:01:35"]
[TimeControl "2700+45"]

1. e4 c5 2. f4 d5 3. exd5 Qxd5 4. Nc3 Qd8 5. Nf3 Nf6 6. Bc4 e6 7. d3 a6 8. a4
Bd6 9. Ne4 Be7 10. O-O Nc6 11. Be3 b6 12. Ne5 Bb7 13. Ng5 Nxe5 14. fxe5 Nd5 15.
Nxf7 Nxe3 16. Qe2 Qd7 17. Qxe3 O-O 18. Ng5 Bxg5 19. Qxg5 Bd5 20. Rxf8+ Rxf8 21.
Bxa6 Rf5 22. Qg3 Qe7 23. h4 Rh5 24. c4 Bc6 25. Bb5 Bb7 26. a5 Rh6 27. Qg5 Qc7
28. h5 bxa5 29. Rf1 {Black resigns} 1-0

[Event "Team 45 45 League T57"]
[Site "Internet Chess Club"]
[Date "2013.07.21"]
[Round "9"]
[White "Kingofknights"]
[Black "chrisgianno"]
[Result "0-1"]
[WhiteElo "1638"]
[BlackElo "1739"]
[Opening "Dutch defense"]
[ECO "A86"]
[Time "13:22:44"]
[TimeControl "2700+45"]

1. d4 f5 2. g3 Nf6 3. Bg2 g6 4. c4 Bg7 5. Nc3 O-O 6. Nf3 d5 7. cxd5 Nxd5 8. O-O
Nb6 9. Qb3+ Kh8 10. e3 Nc6 11. Bd2 Bd7 12. Ne2 Be8 13. Ng5 Qd6 14. Rfd1 h6 15.
Nh3 Bf7 16. Qc2 Rad8 17. Bc3 Nd5 18. Nhf4 Ndb4 19. Qd2 g5 20. Nd3 Nxd3 21. Qxd3
Bg6 22. f4 Kh7 23. a3 e5 24. d5 e4 25. Qb5 Ne7 26. Bxg7 Kxg7 27. Nc3 Qb6 28. Bf1
Qxe3+ 29. Kg2 gxf4 30. Qe2 f3+ {White resigns} 0-1

[Event "Team 45 45 League T57"]
[Site "Internet Chess Club"]
[Date "2013.07.21"]
[Round "9"]
[White "oldway"]
[Black "AVEMARIA"]
[Result "1/2-1/2"]
[WhiteElo "1574"]
[BlackElo "1642"]
[Opening "Caro-Kann: classical variation"]
[ECO "B18"]
[Time "14:01:07"]
[TimeControl "2700+45"]

1. e4 c6 2. d4 d5 3. Nc3 dxe4 4. Nxe4 Bf5 5. Ng3 Bg6 6. Nf3 Nd7 7. Bc4 e6 8. O-O
Ngf6 9. Re1 Be7 10. c3 O-O 11. Nh4 Re8 12. Nxg6 hxg6 13. Bf4 Nd5 14. Qf3 N7b6
15. Bb3 Nxf4 16. Qxf4 Bd6 17. Qf3 Bxg3 18. Qxg3 Nd5 19. Bxd5 exd5 20. f3 Qd7 21.
Rxe8+ Rxe8 22. Re1 Rxe1+ 23. Qxe1 f6 24. Kf2 Kf7 25. Qe2 Qd6 26. g3 b5 {Game
drawn by mutual agreement} 1/2-1/2

[Event "Team 45 45 League T57"]
[Site "Internet Chess Club"]
[Date "2013.07.21"]
[Round "9"]
[White "whiskeytown"]
[Black "Signalman"]
[Result "1/2-1/2"]
[WhiteElo "1578"]
[BlackElo "1638"]
[Opening "Réti: King's Indian attack, French variation"]
[ECO "C00"]
[Time "13:06:34"]
[TimeControl "2700+45"]

1. e4 e6 2. d3 d5 3. Nd2 c5 4. Ngf3 Nf6 5. g3 Be7 6. Bg2 O-O 7. O-O Nc6 8. Re1
b5 9. a3 a5 10. h4 a4 11. e5 Ne8 12. Nf1 b4 13. N1h2 Nc7 14. Ng4 bxa3 15. bxa3
Rb8 16. Bf4 Nb5 17. Qd2 Ba6 18. Bh6 gxh6 19. Qxh6 f6 20. exf6 Bxf6 21. Rxe6 Bg7
22. Qe3 Bxa1 23. Nh6+ Kh8 24. Rxc6 Bc8 25. Ne5 Rb7 26. Qe2 Nd4 27. Qh5 Nxc6 28.
Nef7+ Rbxf7 29. Nxf7+ Rxf7 30. Qxf7 Ne5 31. Qa7 Bd4 32. Qxa4 Ng4 33. c3 Bxf2+
34. Kf1 Qf8 35. Bf3 Bxg3 36. Kg2 Bxh4 37. Bxg4 Qf2+ 38. Kh1 Qe1+ 39. Kg2 Qg3+
40. Kh1 Qxg4 41. Qe8+ Qg8 42. Qe5+ Qg7 43. Qe8+ Qg8 44. Qe5+ Qg7 45. Qe8+ {Game
drawn by mutual agreement} 1/2-1/2

[Event "Team 45 45 League T57"]
[Site "Internet Chess Club"]
[Date "2013.07.20"]
[Round "9"]
[White "RamRock"]
[Black "infiniteshug"]
[Result "0-1"]
[WhiteElo "1862"]
[BlackElo "1942"]
[Opening "Caro-Kann: exchange variation"]
[ECO "B13"]
[Time "19:00:08"]
[TimeControl "2700+45"]

1. e4 c6 2. d4 d5 3. exd5 cxd5 4. Bd3 Nc6 5. c3 Qc7 6. h3 Nf6 7. Nf3 g6 8. O-O
Bg7 9. Re1 O-O 10. Nbd2 Bf5 11. Nb3 Bxd3 12. Qxd3 Ne4 13. Nbd2 f5 14. c4 e6 15.
a3 Rac8 16. c5 b6 17. cxb6 Qxb6 18. Nb3 Rb8 19. Nc5 Bxd4 20. Nxd4 Nxc5 21. Qc3
Nxd4 22. Qxd4 Nb3 23. Qxb6 Rxb6 24. Rb1 f4 25. Rd1 d4 26. Bd2 a5 27. Bxa5 Nxa5
28. Rxd4 Nb3 29. Rd7 Rfb8 30. Ra7 Nd2 31. Re1 Rxb2 32. Rxe6 Rb1+ 33. Kh2 Nf1+
34. Kg1 Ng3+ 35. Kh2 Rh1# {White checkmated} 0-1

[Event "Team 45 45 League T57"]
[Site "Internet Chess Club"]
[Date "2013.07.23"]
[Round "9"]
[White "clarinetref"]
[Black "kidcobra"]
[Result "0-1"]
[WhiteElo "1657"]
[BlackElo "1782"]
[Opening "Center game: Paulsen attack"]
[ECO "C22"]
[Time "14:07:44"]
[TimeControl "2700+45"]

1. e4 e5 2. d4 exd4 3. Qxd4 Nc6 4. Qe3 d6 5. Bc4 Qe7 6. Nc3 Nf6 7. f3 Be6 8.
Bxe6 Qxe6 9. Nge2 Be7 10. Nb5 Qd7 11. Bd2 Ne5 12. Qb3 c6 13. Nbd4 d5 14. O-O-O
O-O 15. Bf4 Ng6 16. Nf5 Qc8 17. h4 dxe4 18. g4 exf3 19. Qxf3 Re8 20. Bd6 Qe6 21.
Nc3 Bxd6 22. Rxd6 Qc4 23. Nxg7 Kxg7 24. Qxf6+ Kg8 25. Rd4 Qe6 26. Qf2 Qe3+ 27.
Qxe3 Rxe3 28. h5 Ne5 29. Rf1 Re8 30. Ne4 Re7 31. Nd6 Nf3 32. Rdd1 Nh2 33. Rh1
Re2 34. Nf5 Re8 35. g5 Rg2 36. Rd2 Rxd2 37. Kxd2 Nf3+ 38. Kd3 Nxg5 39. Rg1 f6
40. h6 Kf8 41. Rg4 Re5 42. Nd4 Kf7 43. Rf4 Ne6 44. Rg4 Nxd4 45. Rg7+ Kf8 46.
Kxd4 Re7 47. Rg3 Kf7 48. b4 b6 49. c4 Ke6 50. Re3+ Kd6 51. Rf3 c5+ 52. bxc5+
bxc5+ 53. Kc3 Rf7 54. Rf5 Kc6 55. Kd3 Rd7+ 56. Ke3 Rd6 57. Rf4 Kd7 58. Rg4 Re6+
59. Kf4 Re7 60. Kf5 Rf7 61. Rg3 Ke8 62. Rd3 Rc7 63. Rg3 Rf7 64. Rg8+ Ke7 65. Ra8
Kd6 66. Rd8+ Kc6 67. Ke6 Rc7 68. Rd6+ Kb7 69. Kxf6 Kc8 70. Re6 Kd8 71. Ke5 Kd7
72. Rf6 Ke7 73. Ra6 Kd7 74. a4 Kc8 75. Kd6 Rf7 76. Ke6 Rc7 77. Kd5 Kb7 78. Rf6
a5 79. Rf1 Rc6 80. Rb1+ Kc7 81. Rb5 Rxh6 82. Rxc5+ Kd7 83. Rxa5 Rh5+ 84. Kd4
Rxa5 85. c5 Rxa4+ 86. Kd5 Ra5 87. Kc4 Kc6 {White resigns} 0-1

[Event "Team 45 45 League T57"]
[Site "Internet Chess Club"]
[Date "2013.07.21"]
[Round "9"]
[White "amicusUK"]
[Black "tryanything"]
[Result "1/2-1/2"]
[WhiteElo "1634"]
[BlackElo "1651"]
[Opening "QGD"]
[ECO "D02"]
[Time "04:55:03"]
[TimeControl "2700+45"]

1. d4 Nf6 2. Nf3 d5 3. c4 e6 4. Bg5 Be7 5. cxd5 exd5 6. Nc3 c6 7. e3 Bf5 8. Bd3
Bxd3 9. Qxd3 Nbd7 10. O-O O-O 11. Rac1 h6 12. Bh4 Nh5 13. Bxe7 Qxe7 14. Na4 Nhf6
15. Qb3 Rab8 16. Nd2 Rfe8 17. Qc2 Ne4 18. Nxe4 Qxe4 19. Qxe4 Rxe4 20. Nc5 Nxc5
21. Rxc5 Re6 22. Rfc1 f5 23. g3 Kf7 24. b4 a6 25. a4 Ke7 26. b5 axb5 27. axb5
Kd7 28. bxc6+ bxc6 29. Kf1 Rb5 30. Ke2 Rb2+ 31. R1c2 Rxc2+ 32. Rxc2 g5 33. Kd3
Kc7 {Game drawn by mutual agreement} 1/2-1/2

[Event "Team 45 45 League T57"]
[Site "Internet Chess Club"]
[Date "2013.07.20"]
[Round "9"]
[White "PostMike"]
[Black "KidRattler"]
[Result "0-1"]
[WhiteElo "1496"]
[BlackElo "1410"]
[Opening "Sicilian defense"]
[ECO "B32"]
[Time "14:30:32"]
[TimeControl "2700+45"]

1. e4 c5 2. Nf3 Nc6 3. d4 cxd4 4. Nxd4 d6 5. Bb5 Bd7 6. O-O e5 7. Nxc6 bxc6 8.
Ba4 Nf6 9. f3 Qb6+ 10. Kh1 Be7 11. c4 O-O 12. b3 Rad8 13. Qe2 Rfe8 14. Be3 c5
15. Bxd7 Rxd7 16. Nc3 Qb7 17. Rfb1 Rb8 18. Rb2 Qb4 19. Bd2 Qa3 20. Rab1 Qa6 21.
Qe1 Qc6 22. a3 a6 23. b4 cxb4 24. axb4 Qxc4 25. b5 Rdb7 26. b6 Bd8 27. Be3 Qc6
28. Qf2 Qxc3 {White resigns} 0-1

[Event "Team 45 45 League T57"]
[Site "Internet Chess Club"]
[Date "2013.07.22"]
[Round "9"]
[White "NFork"]
[Black "Chess-Dream"]
[Result "1/2-1/2"]
[WhiteElo "2196"]
[BlackElo "2178"]
[Opening "French: Tarrasch, open variation"]
[ECO "C07"]
[Time "15:09:22"]
[TimeControl "2700+45"]

1. e4 e6 2. d4 d5 3. Nd2 c5 4. exd5 Qxd5 5. Ngf3 cxd4 6. Bc4 Qd7 7. O-O Nf6 8.
Nb3 Nc6 9. Bf4 Bd6 10. Bxd6 Qxd6 11. Nbxd4 Nxd4 12. Qxd4 Qxd4 13. Nxd4 Bd7 14.
Bb5 Bxb5 15. Nxb5 Ke7 16. Rfd1 a6 17. Nd6 Rab8 18. Rd4 Rhd8 19. Rad1 b5 20. c4
bxc4 21. Nxc4 Rxd4 22. Rxd4 Nd5 23. b3 Rc8 24. g3 g5 25. Kf1 f5 26. Ke1 g4 27.
Kd2 h5 28. Ne5 Nc3 29. Rc4 Rxc4 30. bxc4 Nxa2 31. Nd3 a5 32. Kc2 e5 33. Nxe5
Nb4+ 34. Kc3 Kf6 35. f4 gxf3 36. Nxf3 Nc6 37. Kb3 Ne5 38. Nd2 Kg5 39. Ka4 Kg4
40. c5 f4 41. gxf4 Kxf4 42. Kb5 h4 43. h3 Kg3 44. Nc4 Nf3 45. Ne3 Ne5 46. Nf5+
Kxh3 47. Nxh4 Kxh4 48. Kxa5 Kg4 {Game drawn by mutual agreement} 1/2-1/2

[Event "Team 45 45 League T57"]
[Site "Internet Chess Club"]
[Date "2013.07.22"]
[Round "9"]
[White "Jack-ONeill"]
[Black "zeigmata"]
[Result "0-1"]
[WhiteElo "2044"]
[BlackElo "2193"]
[Opening "Sicilian: Taimanov (Bastrikov) variation"]
[ECO "B47"]
[Time "14:06:49"]
[TimeControl "2700+45"]

1. e4 c5 2. Nf3 e6 3. d4 cxd4 4. Nxd4 Nc6 5. Nc3 Qc7 6. Be2 a6 7. O-O Nf6 8. Kh1
Be7 9. f4 d6 10. Be3 O-O 11. Qe1 Nxd4 12. Bxd4 b5 13. a3 Bb7 14. Qg3 Kh8 15.
Rae1 Rae8 16. Bd3 Bd8 17. e5 dxe5 18. fxe5 Nd7 19. Qh3 h6 20. Be3 f5 21. Bxh6
Kg8 22. Bf4 Nc5 23. Qh5 Nxd3 24. cxd3 Qd7 25. Re3 Qf7 26. Rh3 Qxh5 27. Rxh5 Bb6
28. Rh3 Rd8 29. Bg5 Rd7 30. Rf4 Bd4 {White resigns} 0-1

[Event "Team 45 45 League T57"]
[Site "Internet Chess Club"]
[Date "2013.07.18"]
[Round "9"]
[White "f5"]
[Black "minke"]
[Result "1-0"]
[WhiteElo "2175"]
[BlackElo "1925"]
[Opening "Pirc: Austrian attack, dragon formation"]
[ECO "B09"]
[Time "15:01:03"]
[TimeControl "2700+45"]

1. e4 d6 2. d4 Nf6 3. Nc3 g6 4. f4 Bg7 5. Nf3 c5 6. Bb5+ Bd7 7. Bxd7+ Nfxd7 8.
d5 b5 9. O-O Qb6 10. Kh1 O-O 11. Qe1 Nf6 12. e5 Ne8 13. Qh4 f6 14. Qh3 dxe5 15.
fxe5 fxe5 16. Be3 Na6 17. Ng5 Rxf1+ 18. Rxf1 Nf6 19. Nce4 h5 20. b4 Ng4 21. Bg1
Qb7 22. d6 c4 23. Qf3 Kh8 24. Nf7+ {Black resigns} 1-0

[Event "Team 45 45 League T57"]
[Site "Internet Chess Club"]
[Date "2013.07.21"]
[Round "9"]
[White "anna"]
[Black "evan7284"]
[Result "1-0"]
[WhiteElo "1720"]
[BlackElo "1721"]
[Opening "Sicilian: Alapin's variation (2.c3)"]
[ECO "B22"]
[Time "05:18:40"]
[TimeControl "2700+45"]

1. e4 c5 2. c3 d6 3. d4 cxd4 4. cxd4 Nf6 5. Nc3 a6 6. h3 e6 7. Nf3 Be7 8. Bd3
O-O 9. O-O Nc6 10. Be3 e5 11. d5 Nb8 12. Rc1 b5 13. a3 Nbd7 14. b4 Nb6 15. Nb1
Bd7 16. Qe2 Rc8 17. Rxc8 Bxc8 18. Rc1 Bd7 19. Nbd2 Qb8 20. Nb3 Rc8 21. Rxc8+
Bxc8 22. Qc2 Bd7 23. Na5 Na8 24. Nc6 Bxc6 25. Qxc6 Nc7 26. Nd2 Qd8 27. Bb6 Nfe8
28. Nb3 Qb8 29. Na5 Na8 30. Be3 Kf8 31. Qxa6 Nac7 32. Qc6 g6 33. Qc1 Kg7 34. Nc6
Qc8 35. Nxe7 Qd7 36. Nc6 f5 37. f3 fxe4 38. fxe4 Nf6 39. Na5 Qe7 40. Nb3 Nh5 41.
Bg5 Qf7 42. Nd2 Nf4 43. Bxf4 Qxf4 44. Qxc7+ Kh6 45. Qc1 Qe3+ 46. Kh1 Qxd3 47.
Nc4+ g5 48. Nxd6 Kh5 49. Nf7 Qg3 50. d6 h6 51. d7 Qf4 52. Qxf4 gxf4 53. d8=Q
{Black resigns} 1-0

[Event "Team 45 45 League T57"]
[Site "Internet Chess Club"]
[Date "2013.07.20"]
[Round "9"]
[White "arnx813"]
[Black "Littlemon"]
[Result "0-1"]
[WhiteElo "1390"]
[BlackElo "1447"]
[Opening "Giuoco Piano: four knights variation"]
[ECO "C47"]
[Time "10:15:03"]
[TimeControl "2700+45"]

1. e4 e5 2. Nf3 Nc6 3. Nc3 Nf6 4. Bc4 Bc5 5. O-O d6 6. d3 h6 7. Nd5 Bg4 8. h3
Bh5 9. Be3 Bb6 10. Nxb6 axb6 11. Bb5 O-O 12. c4 Nd7 13. g4 Bg6 14. Kg2 f6 15.
Nh4 Qe8 16. f4 Bh7 17. Nf5 Bxf5 18. exf5 exf4 19. Bxf4 Nde5 20. Re1 Qf7 21. Qe2
Nd4 22. Qd1 Nxb5 23. cxb5 Qd5+ 24. Re4 Nxd3 25. Qf3 Nxf4+ 26. Qxf4 Qxb5 27. b3
Qc6 28. Rc1 Rxa2+ 29. Kg3 Qd7 30. Qe3 Raa8 31. Re7 Rfe8 32. Rxc7 Rxe7 33. Qxe7
Qxe7 34. Rxe7 Ra3 35. Rxb7 Rxb3+ 36. Kh4 d5 37. Rd7 Rb5 38. Kh5 Kh7 39. h4 Rc5
40. Rd6 b5 41. Rd7 b4 42. Rb7 Rc4 43. g5 Rc8 44. gxh6 Rd8 45. Rxg7+ Kh8 46. Rb7
d4 47. Rxb4 d3 48. Rb1 d2 49. Rd1 Kh7 50. Kg4 Kxh6 51. h5 Rd4+ 52. Kf3 Kxh5 53.
Ke3 Rd5 54. Ke4 Rd8 55. Ke3 Kg5 56. Ke4 Kg4 57. Rg1+ Kh3 58. Rd1 Kg3 59. Rg1+
Kf2 60. Rh1 d1=Q 61. Rh2+ Kg1 62. Rh7 Qd3+ 63. Kf4 Rd4# {White checkmated} 0-1